 Dungeon Sprint DCSS version 0.28.0-47-ge53b351184 (webtiles) character file.

Game seed: 13808605816534857739

35 browni3141 the Skirmisher (level 3, -2/34 HPs)
             Began as a Formicid Fighter on May 4, 2022.
             Slain by a water elemental (17 damage)
             ... in the Dungeon (Sprint III: "The Ten Rune Challenge").
             The game lasted 00:00:26 (342 turns).

browni3141 the Skirmisher (Formicid Fighter)         Turns: 342, Time: 00:00:26

Health: -2/34      AC:  6    Str: 20    XL:     3   Next: 52%
Magic:  3/3        EV:  9    Int:  7    God:
Gold:   0          SH:  4    Dex: 12    Spells: 2/2 levels left

rFire   . . .      SeeInvis +   a - +0 long sword
rCold   . . .      Faith    .   c - +0 buckler
rNeg    . . .      Spirit   .   b - +0 scale mail
rPois   .          Reflect  .   (helmet unavailable)
rElec   .          Harm     .   (no cloak)
rCorr   .          Rampage  .   (no gloves)
Will    .....                   (no boots)
Stlth   ..........              (no amulet)
HPRegen 0.11/turn               (no ring)
MPRegen 0.08/turn               (no ring)

@: engulfed (cannot breathe)
A: permanent stasis, dig shafts and tunnels, antennae 3, four strong arms
a: Dig


You were in the Dungeon.
You visited 1 branch


Innate Abilities, Weirdness & Mutations

You cannot be hasted, slowed, berserked, paralysed or teleported.
You can dig through walls and to a lower floor.
You have a pair of large antennae on your head. (SInv)
Your four strong arms can wield two-handed weapons with a shield.


   Skills:
 - Level 6.0 Fighting
 * Level 4.7 Long Blades
 - Level 3.2 Armour
 - Level 3.6 Shields


You had 2 spell levels left.
You didn't know any spells.
Your spell library was empty.

Inventory:

Hand Weapons
 a - a +0 long sword (weapon)
Armour
 b - a +0 scale mail (worn)
 c - a +0 buckler (worn)
Scrolls
 h - a scroll of identify {unknown}
 i - a scroll of vulnerability {unknown}
Potions
 d - a potion of might
 e - a potion of curing {@q1}
 f - a potion of heal wounds {@q2}
 g - 2 potions of magic

Dungeon Overview and Level Annotations

Branches:
Dungeon (1/1)

Altars:
¦¦¦¦¦¦¦¦ ¦¦¦ <..#...#### ##.¦ ...#......## #..¦ ..##.......# #..¦{ ##.##.##...# #..¦ ¦+¦+¦

##.##.###..# +#..¦......
#.####.##..# #..@E.⌠....
.###..##..####...¦...¦¦¦
#..†..##..###....¦ ⌠.¦
###..##...##.....¦ .¦
##..##....#......¦ ¦{
#..###..##÷#.....¦ {{
#..# #..#####....¦


¦¦¦¦ ¦¦¦¦ ¦¦¦¦¦¦ { { You could see a water elemental.


Message History

You are too injured to fight recklessly!
You are too injured to fight recklessly!
You slash the human!
You kill the human!
Your Long Blades skill gained 2 levels and is now at level 4!
You have reached level 3!
Your experience leads to an increase in your attributes!
Increase (S)trength, (I)ntelligence, or (D)exterity?
You feel agile. x2
Key pressed, stopping explore.
Key pressed, stopping explore.
Key pressed, stopping explore.
HP restored.
You see here a human skeleton.
You sense a monster nearby.
You sense a monster nearby.
You open the door.
A water elemental comes into view.
A water elemental is nearby!
You barely miss the water elemental. The water elemental barely misses you.
You hit the water elemental but do no damage.
The water elemental hits you!
The water elemental engulfs you in water!
You slash the water elemental!
The water elemental is moderately damaged.
* * * LOW HITPOINT WARNING * * *
Your lungs strain for air!
The water elemental hits you!
Ouch! That really hurt!
You die...

Skill      XL: |  1  2 |
---------------+-------+-----
Fighting       | 6 |  6.0
Long Blades    | 4 |  4.7
Armour         | |  3.2
Shields        | |  3.6

Action                   || total
-------------------------++-------
Melee: Long sword        ||    26
Armor: Scale mail        ||     1
Dodge: Dodged            ||    17
Block: Buckler           ||     8

Levels and vault maps discovered:
D:        dungeon_sprint_mu [sprint_mu_entry_cave, sprint_mu_temple_rooms,
          sprint_mu_d1_spiders, sprint_mu_d2_genie, sprint_mu_d3_branching,
          sprint_mu_orc_legion, sprint_mu_elf_gauntlet, sprint_mu_hive_nellie,
          sprint_mu_lair_fedhas, sprint_mu_vaults_butterflies,
          sprint_mu_slime_circle, sprint_mu_shoals_archi,
          sprint_mu_snake_twists, sprint_mu_blade_basic,
          sprint_mu_crypt_fortress, sprint_mu_tomb_spiral,
          sprint_mu_vestibule_basic, sprint_mu_gehenna_hellfire,
          sprint_mu_dis_giant, sprint_mu_tartarus_statrot,
          sprint_mu_cocytus_islands, sprint_mu_zot1]

Notes
Turn   | Place    | Note
-------+----------+-------------------------------------------
     0 | D        | browni3141 the Formicid Fighter began the quest for the
                  | Orb.
     0 | D        | Reached XP level 1. HP: 18/18 MP: 1/1
    13 | D        | Reached skill level 4 in Fighting
    49 | D        | Noticed a wolf
    58 | D        | Killed a wolf
    59 | D        | Reached skill level 6 in Fighting
    59 | D        | Reached XP level 2. HP: 16/28 MP: 2/2
    66 | D        | Reached skill level 4 in Long Blades
    66 | D        | Reached XP level 3. HP: 5/34 MP: 3/3
   339 | D        | Noticed a water elemental
   342 | D        | Slain by a water elemental

Vanquished Creatures
  A human (D)
  A wolf (D)
  4 rats (D)
6 creatures vanquished.

Table legend: (Time is in decaauts)
 A = Elapsed time spent in this place.
 B = Non-inter-level travel time spent in this place.
 C = Inter-level travel time spent in this place.
 D = Time resting spent in this place.
 E = Time spent auto-exploring this place.
 F = Levels seen in this place.
 G = Mean time per level.
                   A        B        C        D        E       F      G
               +--------+--------+--------+--------+--------+-----+--------+
         Total |    349 |    349 |      0 |      0 |    293 |   1 |  349.0 |
       Dungeon |    349 |    349 |      0 |      0 |    293 |   1 |  349.0 |
               +--------+--------+--------+--------+--------+-----+--------+

Top non-repeatable levels by time:
       D: 349 daAuts

Table legend:
 A = Non-vault XP
 B = Vault XP
 C = Vault XP percentage of total XP
 D = Non-vault monster count
 E = Vault monster count
 F = Vault count percentage of total count
                 A         B        C        D         E       F
            +---------+---------+-------+---------+---------+-------
      Total |       0 |      50 | 100.0 |       0 |       6 | 100.0
            +---------+---------+-------+---------+---------+-------
          D |       0 |      50 | 100.0 |       0 |       6 | 100.0
            +---------+---------+-------+---------+---------+-------
